AoeStats
← 拉回就是埋點-taco_clement

Black Forest

510534713Analyzed
4v4 RM · 1d ago on Oct 1, 2026· 104m 58s· 8 players
Game mode
Random Map
Map size
Large (8 player)
Population
200
Speed
Normal
Resources
Standard
Victory
Conquest
Starting age
Dark Age
Ending age
Imperial Age
RankedLock teamsTeams togetherTeam positionsShared explorationLock speedFull tech treeHidden civsTurbo modeCheats
Victory
Defeat
🇹🇼 Bohemians · Taiwan
1643
+4
🇹🇼 Wu · Taiwan
1199
+19
1147
+20
🇹🇼 Franks · Taiwan
1067
+29
🇹🇼 Celts · Taiwan
1328
-20
🇨🇳 Britons · China
1266
-16
🇦🇷 Franks · Argentina
1260
-16
🇯🇴 Malians · Jordan
1215
-14
屁屁寶寶
12:19 Loom
14:56 Feudal Age
15:26 Double-Bit Axe
18:52 Castle Age
17:11 Horse Collar
17:22 Gold Mining
19:37 Wheelbarrow
19:38 Elite Skirmisher
24:32 Bow Saw
28:22 Fletching
28:36 Town Watch
30:05 Padded Archer Armor
31:04 Bodkin Arrow
32:21 Heavy Plow
33:14 Caravan
33:32 Pikeman
34:18 Scale Mail Armor
39:32 Imperial Age
37:26 Chain Mail Armor
37:48 Stronghold
38:33 Forging
38:39 Leather Archer Armor
39:39 Halberdier
41:12 Plate Mail Armor
41:17 Iron Casting
41:22 Conscription
42:33 Gold Shaft Mining
41:48 Stone Mining
42:35 Furor Celtica
41:49 Capped Ram
44:26 Blast Furnace
43:56 Ring Archer Armor
44:13 Scale Barding Armor
46:11 Ring Archer Armor
47:31 Fervor
48:01 Siege Ram
49:21 Hand Cart
49:21 Guilds
49:42 Coinage
51:43 Stone Shaft Mining
52:37 Chemistry
51:48 Masonry
52:02 Ballistics
52:24 Husbandry
54:15 Chain Barding Armor
53:18 Cavalier
55:26 Onager
58:03 Paladin
60:27 Banking
62:39 Light Cavalry
68:22 Hoardings
85:59 Heavy Scorpion
99:00 Sanctity
98:38 Herbal Medicine
98:45 Devotion
KZA
4:53 Loom
11:55 Feudal Age
13:32 Double-Bit Axe
17:23 Castle Age
20:15 Bow Saw
32:01 Imperial Age
30:02 Husbandry
30:41 Scale Barding Armor
30:46 Forging
31:56 Wheelbarrow
31:43 Chain Barding Armor
32:05 Cavalier
33:36 Iron Casting
33:41 Paladin
38:03 Plate Barding Armor
38:28 Blast Furnace
36:51 Light Cavalry
38:09 Caravan
40:52 Chemistry
41:34 Hand Cart
41:08 Town Watch
54:32 Fletching
55:04 Ballistics
57:51 Pikeman
59:20 Scale Mail Armor
59:20 Halberdier
60:03 Squires
69:58 Arson
69:59 Gambesons
71:57 Conscription
Prince Of The Darkness
2:48 Loom
11:59 Feudal Age
16:21 Castle Age
14:09 Double-Bit Axe
14:25 Stone Mining
15:49 Gold Mining
16:09 Horse Collar
18:25 Bow Saw
18:38 Heavy Plow
23:05 Wheelbarrow
26:48 Hand Cart
32:09 Imperial Age
29:42 Scale Mail Armor
29:52 Forging
32:29 Scale Barding Armor
32:34 Forging
32:57 Husbandry
33:08 Bloodlines
32:19 Cavalier
33:42 Chain Barding Armor
33:12 Fletching
33:37 Onager
36:43 Conscription
36:25 Farimba
37:05 Siege Onager
37:34 Treadmill Crane
39:00 Plate Barding Armor
39:00 Iron Casting
40:05 Iron Casting
39:53 Tigui
40:57 Chain Mail Armor
41:09 Masonry
41:20 Ballistics
42:31 Hoardings
41:20 Elite Gbeto
41:58 Bodkin Arrow
43:35 Chemistry
43:05 Architecture
43:45 Plate Mail Armor
43:29 Padded Archer Armor
45:48 Heavy Camel Rider
51:01 Caravan
51:32 Coinage
51:49 Gold Shaft Mining
52:41 Guilds
55:19 Banking
62:51 Capped Ram
62:55 Light Cavalry
65:58 Stone Shaft Mining
67:28 Architecture
66:54 Murder Holes
71:50 Sappers
smallpox04
0:39 Loom
11:55 Feudal Age
15:35 Castle Age
13:54 Double-Bit Axe
16:07 Horse Collar
20:20 Wheelbarrow
22:36 Bow Saw
22:29 Town Watch
22:54 Heavy Plow
23:23 Elite Skirmisher
26:22 Gold Mining
29:17 Ballistics
31:47 Imperial Age
29:32 Hand Cart
30:14 Gold Shaft Mining
29:33 Stone Mining
30:03 Pikeman
30:35 Fletching
32:13 Bodkin Arrow
32:02 Halberdier
32:44 Padded Archer Armor
33:06 Conscription
33:12 Bracer
34:10 Leather Archer Armor
33:56 Squires
33:57 Scale Mail Armor
34:07 Forging
35:11 Two-Man Saw
35:14 Chemistry
34:55 Yeomen
35:22 Treadmill Crane
36:20 Siege Engineers
35:36 Elite Longbowman
37:21 Masonry
37:44 Chain Mail Armor
38:04 Iron Casting
38:00 Ring Archer Armor
37:52 Warwolf
39:20 Guilds
39:40 Coinage
39:10 Caravan
40:25 Hoardings
40:21 Architecture
39:37 Arrowslits
42:12 Banking
41:52 Arson
41:52 Gambesons
41:27 Man-at-Arms
42:39 Plate Mail Armor
43:09 Blast Furnace
44:50 Blast Furnace
拉回就是埋點-taco_clement
11:02 Feudal Age
13:21 Double-Bit Axe
15:59 Castle Age
17:31 Wheelbarrow
18:03 Loom
18:50 Bow Saw
18:22 Horse Collar
20:20 Heavy Plow
27:15 Hand Cart
26:52 Town Watch
31:49 Imperial Age
29:20 Town Patrol
29:59 Gold Mining
30:00 Stone Mining
31:05 Bloodlines
30:55 Husbandry
31:03 Scale Barding Armor
31:09 Forging
32:04 Gold Shaft Mining
32:39 Stone Shaft Mining
32:34 Chain Barding Armor
32:05 Fletching
33:05 Crop Rotation
33:38 Two-Man Saw
33:10 Conscription
33:26 Caravan
33:16 Cavalier
34:11 Guilds
35:23 Plate Barding Armor
35:23 Iron Casting
34:45 Bodkin Arrow
34:48 Savar
35:57 Citadels
36:23 Hoardings
36:42 Murder Holes
37:49 Chemistry
37:10 Ballistics
38:37 Blast Furnace
37:34 Bodkin Arrow
39:31 Coinage
39:29 Masonry
40:20 Devotion
44:03 Scale Mail Armor
44:08 Squires
43:54 Arson
43:30 Pikeman
43:56 Gambesons
54:52 Architecture
60:45 Banking
61:45 Heavy Camel Rider
64:11 Chain Mail Armor
78:24 Kamandaran
78:57 Padded Archer Armor
79:28 Plate Mail Armor
79:32 Thumb Ring
78:48 Crossbowman
97:54 Leather Archer Armor
darkmax
12:56 Feudal Age
11:14 Loom
15:20 Wheelbarrow
17:45 Double-Bit Axe
22:40 Castle Age
23:53 Hand Cart
29:17 Gold Mining
29:48 Bow Saw
31:55 Hand Cart
31:30 Town Watch
42:47 Imperial Age
40:37 Town Patrol
40:46 Ordonnance Companies
41:33 Stone Mining
42:21 Gold Shaft Mining
41:51 Caravan
42:22 Coinage
42:13 Husbandry
41:34 Light Cavalry
42:28 Scale Barding Armor
42:34 Forging
42:25 Scale Mail Armor
42:25 Padded Archer Armor
42:16 Fletching
44:46 Chain Barding Armor
45:01 Iron Casting
44:07 Pikeman
44:48 Squires
44:34 Gambesons
44:10 Man-at-Arms
44:35 Arson
45:35 Cavalier
45:38 Halberdier
47:07 Paladin
47:27 Long Swordsman
49:05 Plate Barding Armor
48:47 Chain Mail Armor
48:55 Chain Mail Armor
48:56 Leather Archer Armor
52:15 Blast Furnace
51:45 Plate Mail Armor
55:02 Bodkin Arrow
56:27 Chivalry
56:48 Conscription
64:14 Hoardings
72:20 Fortified Wall
72:08 Murder Holes
71:55 Treadmill Crane
72:25 Masonry
72:08 Guard Tower
72:07 Arrowslits
74:28 Elite Throwing Axeman
99:47 Banking
Python 1.6.21
0:28 Loom
11:43 Feudal Age
16:23 Castle Age
14:45 Double-Bit Axe
15:26 Horse Collar
16:54 Fletching
20:40 Bodkin Arrow
24:58 Wheelbarrow
26:40 Town Watch
28:08 Bow Saw
30:41 Gold Mining
34:35 Imperial Age
33:00 Red Cliffs Tactics
33:39 Padded Archer Armor
36:40 Bracer
37:02 Elite Fire Archer
38:04 Conscription
37:47 Sitting Tiger
38:39 Ballistics
39:43 Gold Shaft Mining
38:59 Stone Mining
40:25 Chemistry
40:46 Caravan
41:16 Bracer
41:32 Leather Archer Armor
42:06 Conscription
42:02 Hand Cart
53:58 Scale Mail Armor
54:08 Forging
54:24 Arson
54:40 Squires
55:41 Masonry
57:18 Chain Mail Armor
57:39 Iron Casting
58:51 Plate Mail Armor
60:41 Architecture
62:00 Blast Furnace
60:29 Pikeman
67:12 Halberdier
89:59 Guilds
93:24 Murder Holes
93:10 Treadmill Crane
98:36 Spies/Treason
好奇小牛
0:29 Loom
11:34 Feudal Age
15:16 Castle Age
14:56 Double-Bit Axe
16:15 Bow Saw
17:47 Fletching
28:23 Imperial Age
27:39 Chemistry
28:28 Forging
28:20 Scale Mail Armor
28:41 Fortified Wall
28:38 Town Watch
29:30 Wheelbarrow
29:17 Bodkin Arrow
30:16 Chain Mail Armor
31:03 Horse Collar
31:59 Pikeman
32:40 Squires
33:48 Plate Mail Armor
35:50 Two-Man Saw
36:38 Hand Cart
38:16 Iron Casting
37:29 Halberdier
37:54 Arson
39:17 Town Patrol
41:36 Blast Furnace
40:38 Padded Archer Armor
41:38 Bracer
41:50 Caravan
41:39 Houfnice
43:54 Hussite Reforms
43:57 Wagenburg Tactics
47:42 Leather Archer Armor
64:43 Man-at-Arms
67:21 Ring Archer Armor
75:33 Long Swordsman
77:33 Two-Handed Swordsman
78:37 Heavy Plow
80:28 Champion
91:39 Siege Engineers
91:55 Ballistics
93:55 Coinage
93:36 Guilds
94:51 Banking
Connection lost

Rejoining the realm…

Still unreachable

The connection could not be restored.

Session expired

The server has moved on; the page needs a fresh start.